SAAA
ELLENBURG FIGHTING DACHSUNDS @ MILTON DOGFISH HEAD
08/08/2023
 
TOP OF THE 1ST
Ellenburg Fighting Dachsunds batting - Pitching for Milton Dogfish Head : LHP Kirby Buckner
Pitching: LHP Kirby Buckner
Batting: RHB Jack Burton 0-0: Foul Ball, location: 2F
0-1: Ball
1-1: Ball
2-1: Fly out, F7 (Flyball, 78S)
Batting: RHB Charles Jordan 0-0: Foul Ball, location: 2F
0-1: Ball
1-1: Swinging Strike
1-2: Ball
2-2: Ball
3-2: Foul Ball, location: 2F
3-2: Base on Balls
Batting: RHB Gerald Clark 0-0: Called Strike
0-1: Grounds into double play, 6-4-3 (Groundball, 6)
Top of the 1st over - 0 run(s), 0 hit(s), 0 error(s), 0 left on base; Ellenburg 0 - Milton 0
BOTTOM OF THE 1ST
Milton Dogfish Head batting - Pitching for Ellenburg Fighting Dachsunds : RHP Yusuke Saito
Pitching: RHP Yusuke Saito
Batting: RHB Luis Alomar 0-0: Ball
1-0: Ball
2-0: Bunted foul
2-1: Ground out 1-3 (Groundball, 23)
Batting: RHB José Correa 0-0: Ball
1-0: Foul Ball, location: 2F
1-1: Ball
2-1: Ball
3-1: Swinging Strike
3-2: Foul Ball, location: 2F
3-2: Strikes out swinging, 2-3 out at first.
Batting: LHB Sean Booth 0-0: Called Strike
0-1: Ball
1-1: Foul Ball, location: 2F
1-2: SOLO HOME RUN (Flyball, 89XD), Distance : 393 ft
Batting: SHB Theodore Buck 0-0: Foul Ball, location: 2F
0-1: Ball
1-1: Ball
2-1: Swinging Strike
2-2: Ball
3-2: Foul Ball, location: 2F
3-2: Base on Balls
Batting: LHB Sergio Muńóz 0-0: Swinging Strike
0-1: Ball
1-1: Ball
2-1: Swinging Strike
2-2: Strikes out looking
Bottom of the 1st over - 1 run(s), 1 hit(s), 0 error(s), 1 left on base; Ellenburg 0 - Milton 1
TOP OF THE 2ND
Ellenburg Fighting Dachsunds batting - Pitching for Milton Dogfish Head : LHP Kirby Buckner
Batting: RHB Kade Knowles 0-0: Ball
1-0: Ball
2-0: Fly out, F8 (Flyball, 8RS)
Batting: LHB Jeff Lee 0-0: Ground out 4-3 (Groundball, 4)
Batting: RHB Will Thomas 0-0: Ball
1-0: Ball
2-0: Fly out, F3 (Line Drive, 3S)
Top of the 2nd over - 0 run(s), 0 hit(s), 0 error(s), 0 left on base; Ellenburg 0 - Milton 1
BOTTOM OF THE 2ND
Milton Dogfish Head batting - Pitching for Ellenburg Fighting Dachsunds : RHP Yusuke Saito
Batting: RHB Fernando Silva 0-0: Called Strike
0-1: Foul Ball, location: 2F
0-2: Fly out, F9 (Popup, 34D)
Batting: LHB Floyd Long 0-0: Ball
1-0: Ball
2-0: Ball
3-0: Base on Balls
Batting: RHB Leonard James 0-0: Ball
1-0: SINGLE (Groundball, 5L)
Floyd Long to second
Batting: RHB Roy Childress 0-0: Called Strike
0-1: Ball
1-1: Ball
2-1: Ground out 6-3 (Groundball, 6S)
Floyd Long to third
Leonard James to second
Pitching: LHP Michael Fields
Batting: RHB Luis Alomar 0-0: Fly out, F8 (Line Drive, 8LS)
Bottom of the 2nd over - 0 run(s), 1 hit(s), 0 error(s), 2 left on base; Ellenburg 0 - Milton 1
TOP OF THE 3RD
Ellenburg Fighting Dachsunds batting - Pitching for Milton Dogfish Head : LHP Kirby Buckner
Batting: LHB Roberto Rodríguez 0-0: Ball
1-0: Called Strike
1-1: Swinging Strike
1-2: Strikes out swinging
Batting: RHB Francis Kelly 0-0: Ball
1-0: Called Strike
1-1: Ground out U3 (Groundball, 3)
Batting: LHB Ramón Hernández 0-0: Ball
1-0: Foul Ball, location: 2F
1-1: Ball
2-1: Ball
3-1: Foul Ball, location: 2F
3-2: Strikes out looking
Top of the 3rd over - 0 run(s), 0 hit(s), 0 error(s), 0 left on base; Ellenburg 0 - Milton 1
BOTTOM OF THE 3RD
Milton Dogfish Head batting - Pitching for Ellenburg Fighting Dachsunds : LHP Michael Fields
Batting: RHB José Correa 0-0: Swinging Strike
0-1: Swinging Strike
0-2: Ball
1-2: Strikes out swinging
Batting: LHB Sean Booth 0-0: Ball
1-0: Foul Ball, location: 2F
1-1: Ground out 1-3 (Groundball, 15S)
Batting: SHB Theodore Buck 0-0: Ball
1-0: Foul Ball, location: 2F
1-1: Ball
2-1: Foul Ball, location: 2F
2-2: Foul Ball, location: 2F
2-2: Ball
3-2: Base on Balls
Batting: LHB Sergio Muńóz 0-0: Called Strike
0-1: Ball
1-1: Called Strike
1-2: Ball
2-2: Strikes out swinging
Bottom of the 3rd over - 0 run(s), 0 hit(s), 0 error(s), 1 left on base; Ellenburg 0 - Milton 1
TOP OF THE 4TH
Ellenburg Fighting Dachsunds batting - Pitching for Milton Dogfish Head : LHP Kirby Buckner
Batting: RHB Jack Burton 0-0: Ball
1-0: SINGLE (Line Drive, 7LS)
Batting: RHB Charles Jordan 0-0: Ball
1-0: Grounds into double play, 4-6-3 (Groundball, 4)
Batting: RHB Gerald Clark 0-0: Ball
1-0: Ball
2-0: Ball
3-0: Called Strike
3-1: Foul Ball, location: 2F
3-2: SINGLE (Line Drive, 6D)
Batting: RHB Kade Knowles 0-0: Ball
1-0: Fly out, F9 (Flyball, 89M)
Top of the 4th over - 0 run(s), 2 hit(s), 0 error(s), 1 left on base; Ellenburg 0 - Milton 1
BOTTOM OF THE 4TH
Milton Dogfish Head batting - Pitching for Ellenburg Fighting Dachsunds : LHP Michael Fields
Batting: RHB Fernando Silva 0-0: SINGLE (Flyball, 9LS)
Batting: LHB Floyd Long 0-0: Ball
1-0: Ball
2-0: DOUBLE (Line Drive, 7LS)
Fernando Silva to third
Runner from 3rd tries for Home, SAFE, no throw or cutoff
Batting: RHB Leonard James 0-0: Called Strike
0-1: Ball
1-1: Called Strike
1-2: Ball
2-2: SINGLE (Groundball, 3S)
Floyd Long to third
Batting: RHB Roy Childress 0-0: Called Strike
0-1: Grounds into double play, 1-6-3 (Groundball, 15)
Batting: RHB Luis Alomar 0-0: Ball
1-0: Swinging Strike
1-1: Ball
2-1: Called Strike
2-2: Foul Ball, location: 2F
2-2: Foul Ball, location: 2F
2-2: Foul Ball, location: 2F
2-2: Ball
3-2: Base on Balls
Batting: RHB José Correa 0-0: Called Strike
0-1: Swinging Strike
0-2: Ball
1-2: Strikes out swinging
Bottom of the 4th over - 1 run(s), 3 hit(s), 0 error(s), 2 left on base; Ellenburg 0 - Milton 2
TOP OF THE 5TH
Ellenburg Fighting Dachsunds batting - Pitching for Milton Dogfish Head : LHP Kirby Buckner
Batting: LHB Jeff Lee 0-0: Foul Ball, location: 2F
0-1: Fly out, F8 (Popup, 6MD)
Batting: RHB Will Thomas 0-0: Ball
1-0: Ball
2-0: Ground out 5-3 (Groundball, 56)
Batting: LHB Roberto Rodríguez 0-0: Called Strike
0-1: Ball
1-1: Fly out, F8 (Flyball, 8LM)
Top of the 5th over - 0 run(s), 0 hit(s), 0 error(s), 0 left on base; Ellenburg 0 - Milton 2
BOTTOM OF THE 5TH
Milton Dogfish Head batting - Pitching for Ellenburg Fighting Dachsunds : LHP Michael Fields
Batting: LHB Sean Booth 0-0: Called Strike
0-1: Ball
1-1: Ball
2-1: DOUBLE (Flyball, 9D)
Batting: SHB Theodore Buck 0-0: Ball
1-0: Called Strike
1-1: Ball
2-1: Swinging Strike
2-2: Strikes out looking
Pitching: RHP Sean Evans
Batting: LHB Sergio Muńóz 0-0: Ball
1-0: 2-RUN HOME RUN (Line Drive, 9D), Distance : 389 ft
Batting: RHB Fernando Silva 0-0: Ball
1-0: Ground out 4-3 (Groundball, 4)
Batting: LHB Floyd Long 0-0: Foul Ball, location: 2F
0-1: Swinging Strike
0-2: Ball
1-2: Fly out, F6 (Popup, 56D)
Bottom of the 5th over - 2 run(s), 2 hit(s), 0 error(s), 0 left on base; Ellenburg 0 - Milton 4
TOP OF THE 6TH
Ellenburg Fighting Dachsunds batting - Pitching for Milton Dogfish Head : LHP Kirby Buckner
Batting: RHB Francis Kelly 0-0: Called Strike
0-1: Ball
1-1: Ball
2-1: Ground out 4-3 (Groundball, 4M)
Batting: LHB Ramón Hernández 0-0: Called Strike
0-1: Ball
1-1: Foul Ball, location: 2F
1-2: DOUBLE (Line Drive, 78M)
Batting: RHB Jack Burton 0-0: Ball
1-0: Foul Ball, location: 2F
1-1: Ball
2-1: Called Strike
2-2: Fly out, F9 (Flyball, 9M)
Batting: RHB Charles Jordan 0-0: Called Strike
0-1: Ball
1-1: Ball
2-1: Fly out, F9 (Flyball, 89M)
Top of the 6th over - 0 run(s), 1 hit(s), 0 error(s), 1 left on base; Ellenburg 0 - Milton 4
BOTTOM OF THE 6TH
Milton Dogfish Head batting - Pitching for Ellenburg Fighting Dachsunds : RHP Sean Evans
Batting: RHB Leonard James 0-0: Ball
1-0: Called Strike
1-1: Called Strike
1-2: SINGLE (Groundball, 56D)
Batting: RHB Roy Childress 0-0: Ball
1-0: Called Strike
1-1: Foul Ball, location: 2F
1-2: Strikes out swinging
Batting: RHB Luis Alomar 0-0: Ball
1-0: Ball
2-0: Ball
3-0: Called Strike
3-1: Foul Ball, location: 2F
3-2: Fly out, F4 (Popup, 8RS)
Batting: RHB José Correa 0-0: Called Strike
0-1: Swinging Strike
0-2: Fly out, F9 (Flyball, 9M)
Bottom of the 6th over - 0 run(s), 1 hit(s), 0 error(s), 1 left on base; Ellenburg 0 - Milton 4
TOP OF THE 7TH
Ellenburg Fighting Dachsunds batting - Pitching for Milton Dogfish Head : LHP Kirby Buckner
Batting: RHB Gerald Clark 0-0: Foul Ball, location: 2F
0-1: Ball
1-1: Ground out 6-3 (Groundball, 6)
Batting: RHB Kade Knowles 0-0: Swinging Strike
0-1: Ball
1-1: Ball
2-1: Ball
3-1: Base on Balls
Batting: LHB Jeff Lee 0-0: Called Strike
0-1: Ball
1-1: Grounds into double play, 1-6-3 (Groundball, 13)
Top of the 7th over - 0 run(s), 0 hit(s), 0 error(s), 0 left on base; Ellenburg 0 - Milton 4
BOTTOM OF THE 7TH
Milton Dogfish Head batting - Pitching for Ellenburg Fighting Dachsunds : RHP Sean Evans
Batting: LHB Sean Booth 0-0: Ball
1-0: Foul Ball, location: 2F
1-1: Ball
2-1: Ground out 6-3 (Groundball, 6M)
Batting: SHB Theodore Buck 0-0: Ball
1-0: Called Strike
1-1: SOLO HOME RUN (Flyball, 8RXD), Distance : 432 ft
Batting: LHB Sergio Muńóz 0-0: Called Strike
0-1: Ball
1-1: Ball
2-1: SINGLE (Line Drive, 78S)
Batting: RHB Fernando Silva 0-0: Called Strike
0-1: Ball
1-1: Swinging Strike
1-2: Strikes out swinging
Batting: LHB Floyd Long 0-0: Swinging Strike
0-1: Ball
1-1: Ball
2-1: Ball
3-1: Base on Balls
Sergio Muńóz to second
Batting: RHB Leonard James 0-0: Called Strike
0-1: 3-RUN HOME RUN (Flyball, 78XD), Distance : 420 ft
Batting: RHB Roy Childress 0-0: Called Strike
0-1: Foul Ball, location: 2F
0-2: Ball
1-2: SINGLE (Groundball, 13) (infield hit)
Pitching: RHP Elvin Glass
Batting: RHB Luis Alomar 0-0: Called Strike
0-1: Ball
1-1: Ball
2-1: Swinging Strike
2-2: SINGLE (Flyball, 89S)
Roy Childress to second
Runner from 2nd tries for 3rd, SAFE, no throw or cutoff
Batting: RHB José Correa 0-0: Ball
1-0: Called Strike
1-1: Foul Ball, location: 2F
1-2: Ball
2-2: Ball
3-2: Foul Ball, location: 2F
3-2: Base on Balls
Luis Alomar to second
Batting: LHB Sean Booth 0-0: Ball
1-0: Called Strike
1-1: Ball
2-1: Swinging Strike
2-2: Ball
3-2: Foul Ball, location: 2F
3-2: Foul Ball, location: 2F
3-2: Base on Balls
Roy Childress scores
Luis Alomar to third
José Correa to second
Batting: SHB Theodore Buck 0-0: Called Strike
0-1: Fly out, F8 (Flyball, 8RXD)
Bottom of the 7th over - 5 run(s), 5 hit(s), 0 error(s), 3 left on base; Ellenburg 0 - Milton 9
TOP OF THE 8TH
Ellenburg Fighting Dachsunds batting - Pitching for Milton Dogfish Head : LHP Kirby Buckner
Batting: RHB Will Thomas 0-0: Foul Ball, location: 2F
0-1: Ball
1-1: Ground out 5-3 (Groundball, 56S)
Batting: LHB Roberto Rodríguez 0-0: Foul Ball, location: 2F
0-1: Ball
1-1: Ball
2-1: Swinging Strike
2-2: Foul Ball, location: 2F
2-2: Strikes out looking
Batting: RHB Francis Kelly 0-0: Ball
1-0: Ball
2-0: Called Strike
2-1: Foul Ball, location: 2F
2-2: Strikes out swinging
Top of the 8th over - 0 run(s), 0 hit(s), 0 error(s), 0 left on base; Ellenburg 0 - Milton 9
BOTTOM OF THE 8TH
Milton Dogfish Head batting - Pitching for Ellenburg Fighting Dachsunds : RHP Elvin Glass
Batting: LHB Sergio Muńóz 0-0: Swinging Strike
0-1: Called Strike
0-2: Foul Ball, location: 2F
0-2: Ball
1-2: Ball
2-2: Ground out U3 (Groundball, 3S)
Batting: RHB Fernando Silva 0-0: Fly out, F1 (Line Drive, 13)
Batting: LHB Floyd Long 0-0: Ball
1-0: Ball
2-0: Called Strike
2-1: Called Strike
2-2: Foul Ball, location: 2F
2-2: Strikes out looking
Bottom of the 8th over - 0 run(s), 0 hit(s), 0 error(s), 0 left on base; Ellenburg 0 - Milton 9
TOP OF THE 9TH
Ellenburg Fighting Dachsunds batting - Pitching for Milton Dogfish Head : LHP Kirby Buckner
Batting: LHB Ramón Hernández 0-0: Ball
1-0: Swinging Strike
1-1: Swinging Strike
1-2: Strikes out looking
Batting: RHB Jack Burton 0-0: Ball
1-0: Ball
2-0: Swinging Strike
2-1: Foul Ball, location: 2F
2-2: Fly out, F9 (Line Drive, 89M)
Pinch Hitting: RHB Bernardo Márquez 0-0: Called Strike
0-1: Foul Ball, location: 2F
0-2: Ball
1-2: Foul Ball, location: 2F
1-2: Fly out, F9 (Flyball, 89M)
Top of the 9th over - 0 run(s), 0 hit(s), 0 error(s), 0 left on base; Ellenburg 0 - Milton 9
This league is powered by Out of the Park Baseball, the baseball management simulation game for PC, Mac and Linux
Friday, July 8th, 2016 - OOTP Baseball 16.9 Build 39